[Event "*** Titled Tuesday Blitz"]
[Site "Chess.com"]
[Date "2020.04.21"]
[Round "3"]
[White "Muguet7"]
[Black "Gabrielian_Artur"]
[Result "0-1"]
[WhiteElo "2516"]
[BlackElo "2716"]
[TimeControl "180+1"]
[EndTime "10:31:06 PDT"]
[Termination "Gabrielian_Artur won on time"]

1. d4 Nf6 2. Nf3 e6 3. c4 Bb4+ 4. Bd2 Qe7 5. Nc3 O-O 6. e3 b6 7.
Bd3 Bb7 8. a3 Bxc3 9. Bxc3 Ne4 10. Qc2 f5 11. b4 Nxc3 12. Qxc3 d6 13. Be2 Nd7 14. O-O a5 15. Rfd1 Rf6 16. d5 e5 17.
e4 f4 18. Nd2 Rff8 19. Bg4 Nf6 20. Be6+ Kh8 21. f3 Bc8 22. Bxc8 Rfxc8 23. Rdc1 g5 24.
c5 axb4 25. axb4 Rxa1 26. Qxa1 bxc5 27. bxc5 Rg8 28. h3 h5 29. cxd6 cxd6 30. Qc3 Qa7+ 31. Kf1 g4 32. hxg4 hxg4 33. Qc7 Qa6+ 34. Qc4 Qb6 35. Qc6 Qd4 36. Qc3 Qa7 37. Qc7 Qe3 38. Qc3 Qxc3 39. Rxc3 gxf3 40. gxf3 Ra8 41. Rc6 Ne8 42.
Nc4 Rd8 43. Ra6 Kg7 44. Na5 Kf7 45. Nc6 Rd7 46. Ra8 Nf6 47. Nd8+ Kg7 48. Ne6+ Kf7 49. Ng5+ Kg6 50. Ne6 Rb7 51. Ra2 Rb3 52. Rg2+ Kf7 53. Rg7+ Ke8 54. Ke2 Re3+ 55. Kf2 Ra3 56. Nc7+ Kf8 57.
Ne6+ Ke8 58. Nc7+ Kd8 59. Ne6+ Kc8 60. Rc7+ Kb8 61. Rf7 Nh5 62. Rd7 Ra2+ 63. Ke1 Ng3 64. Rxd6 Ra1+ 65. Kd2 Ra2+ 66. Kc3 Ra3+ 67. Kd2 Rxf3 68.
Rb6+ Ka7 69. Rc6 Nxe4+ 70. Ke2 Re3+ 71. Kd1 f3 72. Rc2 f2 73. Ra2+ Kb6 74. Rb2+ Ka5 75. Ra2+ Kb4 76. Rb2+ Ka3 77. Rxf2 Nxf2+ 78. Kd2 Re4 79. d6 Rh4 80. d7 Ne4+ 81. Ke3 Rh8 0-1

[Event "*** Titled Tuesday Blitz"]
[Site "Chess.com"]
[Date "2020.04.21"]
[Round "3"]
[White "youngKID"]
[Black "johnathan113"]
[Result "1-0"]
[WhiteElo "2801"]
[BlackElo "2616"]
[TimeControl "180+1"]
[EndTime "10:31:11 PDT"]
[Termination "youngKID won on time"]

1. e4 c5 2. Nf3 g6 3. h4 h6 4.
d4 cxd4 5. Qxd4 Nf6 6. e5 Nc6 7. Qa4 Nd5 8. Qe4 Nb6 9. h5 d5 10. Qe2 g5 11. Nc3 Bg7 12. Be3 g4 13. Nd4 Nxe5 14. O-O-O Nec4 15. Ndb5 Nxe3 16. Qxe3 O-O 17. Bd3 e5 18. Qg3 a6 19. Na3 e4 20. Be2 Qg5+ 21.
Qe3 Qxe3+ 22. fxe3 Be6 23. Nab1 Rac8 24. Rhf1 f5 25.
a4 Rfd8 26. a5 Nc4 27. Bxc4 Rxc4 28. Ne2 Be5 29. Nd2 Rc7 30. Nb3 Rf7 31. Nbd4 Bc8 32. Nf4 Rd6 33. g3 Kg7 34. Rd2 Bd7 35. Rfd1 Bxf4 36. exf4 Bc6 37. c3 Kf6 38. Rc2 Rc7 39.
Kd2 Ba4 40. b3 Bd7 41. Ke3 Rc5 42. b4 Rc4 43. Rdc1 Ba4 44. Ra2 Be8 45. Rac2 Rd8 46.
Rb2 Rdc8 47. Rb3 Ba4 48. Ra3 Be8 49. Kd2 Bf7 50. Rh1 R8c7 51. Rh2 Rxd4+ 52. cxd4 Rc4 53. Ke3 Rxb4 54. Rc2 Bxh5 55. Rc8 Bf7 56. Rac3 h5 57. R3c7 Kg6 58. Rf8 Be6 59. Re8 Bf7 60. Ree7 Rb3+ 61. Ke2 Rb2+ 62. Ke1 h4 63. gxh4 g3 64. Rxf7 g2 65.
Rg7+ Kh5 66. Rg5+ Kh6 67. Rcg7 e3 68. R7g6+ Kh7 69. Rg7+ Kh6 70. Rxg2 Rb5 71. R7g6+ Kh5 72. Rg8 Rb1+ 73. Ke2 Rb2+ 74. Kf3 Rf2+ 75. Rxf2 exf2 76. Kxf2 1-0

[Event "*** Titled Tuesday Blitz"]
[Site "Chess.com"]
[Date "2020.04.21"]
[Round "3"]
[White "Arjun2002"]
[Black "GMHess"]
[Result "0-1"]
[WhiteElo "2650"]
[BlackElo "2872"]
[TimeControl "180+1"]
[EndTime "10:31:19 PDT"]
[Termination "GMHess won on time"]

1. e4 g6 2. d4 Bg7 3. c3 a6 4. Bd3 d6 5. Nf3 e6 6. a4 Ne7 7.
h4 h6 8. Qe2 Nd7 9. Nbd2 b6 10.
Nf1 Bb7 11. Ng3 e5 12. dxe5 dxe5 13. Be3 Nc8 14. h5 Nd6 15. hxg6 fxg6 16. b4 Qf6 17.
Rd1 Nf8 18. Nh2 Ne6 19. Ng4 Qf8 20. a5 bxa5 21. bxa5 h5 22. Nh2 Nf4 23. Bxf4 exf4 24. e5 fxg3 25. exd6+ Kd7 26. Qe7+ Qxe7+ 27. dxe7 Kxe7 28.
Nf3 Bxc3+ 29. Ke2 Bxa5 30. Bxg6 Rh6 31. Rxh5 Rxg6 32. Rxa5 gxf2 33. Kxf2 Rag8 34. Rg1 Bxf3 35. Kxf3 Rf6+ 36. Ke3 Rg3+ 37. Ke2 Rb3 38. Re5+ Kd6 39.
Re3 Rb2+ 40. Kd3 Rff2 41. g4 Kd5 42. Rc1 c5 43. Kc3 Rb4 44. Rd1+ Kc6 45. Re6+ Kb5 46. Rd8 Rf3+ 47. Rd3 Rxd3+ 48. Kxd3 Rxg4 49. Kc3 Rb4 50. Re8 a5 51. Rc8 Rh4 52. Rb8+ Ka4 53. Rc8 Ka3 54.
Rxc5 a4 55. Rc8 Ka2 56. Rb8 a3 57. Kc2 Rh2+ 58. Kc1 Rb2 59. Ra8 Rb6 60. Ra7 Rc6+ 61. Kd2 Rc5 62. Rb7 Rc6 63. Rb8 Rd6+ 64. Kc2 Rh6 65.
Rb7 Rh2+ 66. Kc1 Rb2 67. Rc7 Ka1 68. Rc8 Rb1+ 69. Kc2 Rb6 70. Ra8 Ka2 71. Kc1 Rc6+ 72. Kd2 Kb3 73. Rb8+ Ka4 74. Ra8+ Kb4 75. Rb8+ Ka4 76.
Ra8+ Kb3 77. Rb8+ Ka2 78. Ra8 Rc7 79. Rb8 Rc4 80. Rb7 Rd4+ 81. Kc2 Rd8 82. Rb6 Rc8+ 83.
Kd2 Ka1 84. Rb7 a2 85. Rb6 Rh8 86. Kc2 Rh2+ 87. Kc1 Rh1+ 88. Kc2 Rb1 89. Ra6 Rb8 90. Ra7 Rc8+ 91. Kd2 Rb8 92. Kc2 Rb5 93. Kc1 Rc5+ 94. Kd2 Kb2 95. Rb7+ Ka3 96. Ra7+ Kb3 0-1

[Event "*** Titled Tuesday Blitz"]
[Site "Chess.com"]
[Date "2020.04.21"]
[Round "3"]
[White "Korchmar_Vasiliy"]
[Black "WeAintSurePal"]
[Result "1-0"]
[WhiteElo "2582"]
[BlackElo "2358"]
[TimeControl "180+1"]
[EndTime "10:31:23 PDT"]
[Termination "Korchmar_Vasiliy won by resignation"]

1. d4 d5 2. Nf3 Nf6 3. Bf4 e6 4.
e3 Bd6 5. Bg3 c5 6. Nbd2 O-O 7.
c3 Qc7 8. Ne5 b6 9. f4 Nbd7 10.
Bd3 Bb7 11. Qf3 a5 12. Bh4 Be7 13. a4 Rfd8 14. O-O Ba6 15. Bxa6 Rxa6 16. Qe2 Raa8 17. Qb5 Rac8 18. Ndf3 h6 19. Nd2 c4 20. e4 Nxe5 21. Bxf6 Nc6 22. Bxe7 Nxe7 23. f5 dxe4 24. fxe6 f5 25. Rxf5 Nxf5 26. Qxf5 e3 27. Nf3 Rf8 28. Qe4 Rce8 29. Qxe3 Qd6 30. Re1 Rf6 31. e7 Rf7 32. Qe6 Qxe6 33. Rxe6 Rexe7 34. Rxb6 Rb7 35. Rc6 Rxb2 36. Rxc4 Ra2 37. h4 Rb7 38. d5 Rb1+ 39.
Kh2 Rbb2 40. Rg4 Kf7 41. Ne5+ Kf6 42. Nc4 Kf5 43. Rxg7 Re2 44. Nxa5 Rxa4 45. Nc6 Rxh4+ 46. Kg3 Rc4 47. Nd4+ Rxd4 48. cxd4 Rd2 49. Rf7+ Kg6 50. Rf4 Kg5 51. Rg4+ Kf5 52. Rf4+ Kg5 53. Re4 Rd3+ 54. Kf2 Kf5 55. Rh4 Kg5 56. Re4 Kf5 57. Re5+ Kf6 58. Re6+ Kf5 59. Rxh6 Rxd4 60. d6 Kg5 61. Re6 Kf5 62. Re8 Rxd6 63. Rg8 Rd2+ 64. Kg3 Rd3+ 65. Kh2 Rd2 66. Kh3 Rd4 67. g4+ Kf6 68. Rf8+ Kg7 69. Ra8 Rd3+ 70. Kh4 Rd1 71. Ra7+ Kg6 72. Ra6+ Kg7 73.
Ra5 Rh1+ 74. Kg5 Rd1 75. Ra7+ Kg8 76. Kh6 Rd6+ 77. Kh5 Rd1 78. g5 Rd6 79. Rb7 Rd1 80. Kh6 Rh1+ 81. Kg6 Kf8 82. Rb8+ Ke7 83. Kg7 Rf1 84.
g6 Rg1 85. Rb4 Rh1 86. Re4+ Kd7 87. Kg8 Rf1 88. g7 Rh1 89. Kf7 Rf1+ 90. Kg6 Rg1+ 91. Kf6 Rf1+ 92. Kg5 Rf7 93. g8=Q Re7 94. Rxe7+ Kxe7 95. Kf5 Kd6 96. Qc4 1-0

[Event "*** Titled Tuesday Blitz"]
[Site "Chess.com"]
[Date "2020.04.21"]
[Round "3"]
[White "Pavalamalli"]
[Black "Nara_Kh"]
[Result "0-1"]
[WhiteElo "2098"]
[BlackElo "2351"]
[TimeControl "180+1"]
[EndTime "10:31:23 PDT"]
[Termination "Nara_Kh won by checkmate"]

1. d4 d6 2. e4 g6 3. Nf3 Bg7 4. Bc4 Nf6 5. Qe2 O-O 6. O-O c6 7. e5 Nd5 8. Bb3 a5 9. c4 Nc7 10. Nc3 Bg4 11. Rd1 Nd7 12. Bf4 Ne6 13. Bg3 dxe5 14. dxe5 Qc7 15. h3 Bxf3 16. Qxf3 Rad8 17. Qe3 Ndc5 18. f4 Ra8 19. Bc2 a4 20. Ne4 Nxe4 21. Bxe4 Qa5 22. Bh4 Qc5 23. Qxc5 Nxc5 24. Bf3 Rfe8 25.
Bf2 Ne6 26. Rd7 Rab8 27. Ba7 Rbd8 28. Rxb7 Nxf4 29. Bxc6 Rf8 30. Rxe7 Rd2 31. Bf3 Nd3 32. Bd4 Nxb2 33. Bxb2 Rxb2 34. Bd5 Rd2 35. Rf1 Bh6 36.
Rexf7 Rxf7 37. Bxf7+ Kg7 38. e6 Be3+ 39. Kh1 Bc5 40.
Rb1 Kf6 41. Rf1+ Ke7 42. Rb1 Rxa2 43. Rb7+ Kf6 44. Rb1 a3 45. Bg8 Rb2 46. Rf1+ Ke7 47. Rf7+ Ke8 48. Ra7 a2 49. Ra8+ Ke7 50. Kh2 Kd6 51.
h4 Ke7 52. Kh3 Bd6 53. Bxh7 Rb3+ 54. Kg4 Ra3 55. Rxa3 Bxa3 56. Bxg6 a1=Q 57. h5 Qf6 58. g3 Bc1 59. Kh3 Qg5 60. Kg2 Be3 61. Kf3 Bc5 62.
Ke4 Kf6 63. Bf7 Qxg3 64. h6 Qe3+ 65. Kd5 Qd4+ 66. Kc6 Qd6+ 67. Kb5 Be3 68. Ka4 Qc5 69. h7 Kg7 70. Bg8 Qe7 71. Kb3 Bd4 72. Kc2 Qb4 73. Kd3 Qc3+ 74. Ke4 Kf8 75. Kd5 Ke7 76. Bf7 Bg7 77. c5 Qd4+ 78. Kc6 Qd8 79. Kb5 Qc7 80. c6 Kd6 81. Be8 Kxe6 82. Bd7+ Kd6 83. Kc4 Bh8 84. Kd3 Qb6 85. Ke4 Qb4+ 86. Kf5 Qd4 87. Kg6 Qf6+ 88. Kh5 Qd8 89. Kg6 Ke5 90. Kf7 Qf6+ 91. Ke8 Kd6 92. c7 Qe7# 0-1

[Event "*** Titled Tuesday Blitz"]
[Site "Chess.com"]
[Date "2020.04.21"]
[Round "3"]
[White "crazy_but_lazy"]
[Black "SerGo055"]
[Result "1-0"]
[WhiteElo "2381"]
[BlackElo "2567"]
[TimeControl "180+1"]
[EndTime "10:31:35 PDT"]
[Termination "crazy_but_lazy won by checkmate"]

1. d4 Nf6 2. c4 e6 3. Nf3 d5 4. g3 c6 5. Bg2 Bb4+ 6. Nbd2 Be7 7. O-O O-O 8. b3 Nbd7 9. Bb2 a5 10. Re1 a4 11. e4 dxe4 12. Nxe4 Nxe4 13. Rxe4 Nf6 14. Re1 Qa5 15. Qc2 Rd8 16. Rad1 Bb4 17. Re3 axb3 18.
axb3 Qc7 19. Ne5 Bd6 20. Red3 Bd7 21. Bc3 Be8 22. f4 Be7 23. g4 Nd7 24. Rh3 g6 25.
Qe2 Nxe5 26. fxe5 Qb6 27. c5 Qxb3 28. Rf1 Ra2 29. Qf3 Qc2 30. Kh1 Bg5 31. Rg1 Qf2 32.
Qd3 Rda8 33. Rf3 Qc2 34. Qf1 R8a3 35. Be1 Rxf3 36. Qxf3 Qe2 37. Qxe2 Rxe2 38. h4 Be3 39. Rf1 Bxd4 40. Bg3 Bxc5 41. Rd1 Be7 42. Ra1 Kf8 43. Ra8 Re3 44. Bf2 Rd3 45. Bf1 Rc3 46. Kg2 Rc2 47. Kf3 b5 48. Bd3 Rc3 49. Ke2 b4 50. Be1 Rb3 51.
Be4 Rc3 52. Bxc3 bxc3 53. Bxc6 Kg7 54. Rxe8 Bxh4 55. Kd3 Be1 56. Kc2 Bg3 57. Kxc3 Bxe5+ 58. Kd3 Kf6 59. Ke4 Bc3 60. Rc8 Kg5 61. Rf8 f5+ 62.
gxf5 exf5+ 63. Kf3 h5 64. Ra8 Kh6 65. Ra6 Bf6 66.
Be8 Kg7 67. Kf4 h4 68. Rc6 h3 69. Kg3 Be5+ 70. Kxh3 g5 71. Bd7 Kf8 72. Bxf5 Ke7 73.
Kg4 Bf4 74. Re6+ Kf7 75. Re2 Kf6 76. Ra2 Ke5 77. Ra4 Kf6 78. Ra5 Kf7 79. Ra6 Ke7 80.
Be4 Kf7 81. Kf5 Ke7 82. Bd5 Kd7 83. Ke4 Kc7 84. Bc4 Kd7 85. Kd5 Ke7 86. Ra7+ Kf6 87. Ke4 Kg6 88. Bf7+ Kf6 89. Bh5 Ke6 90. Ra6+ Ke7 91.
Kf5 Kd7 92. Bf3 Ke7 93. Rc6 Kd7 94. Ke4 Ke7 95. Bg4 Kf7 96. Re6 Bd2 97. Kf5 Bf4 98.
Bh5+ Kg7 99. Re7+ Kf8 100. Kf6 Kg8 101. Bg6 g4 102. Re8# 1-0

[Event "*** Titled Tuesday Blitz"]
[Site "Chess.com"]
[Date "2020.04.21"]
[Round "3"]
[White "MITerryble"]
[Black "Tayson_7"]
[Result "1/2-1/2"]
[WhiteElo "2857"]
[BlackElo "2704"]
[TimeControl "180+1"]
[EndTime "10:32:33 PDT"]
[Termination "Game drawn - insufficient material"]

1. Nf3 Nf6 2. b3 d5 3. Bb2 Bg4 4. g3 Nbd7 5. Bg2 e6 6. d3 a5 7. a4 Bd6 8. O-O O-O 9. Nbd2 c6 10. h3 Bh5 11. Nh4 Be5 12. Bxe5 Nxe5 13. Qe1 Ned7 14.
g4 Bg6 15. f4 d4 16. Nc4 Nd5 17. Qg3 Qe7 18. Kh1 Rfe8 19. Rg1 Nxf4 20. Qxf4 Qxh4 21. Qxd4 Red8 22. Rgf1 Qe7 23. Qf2 e5 24. Qe3 f6 25. Qd2 Qb4 26. Qxb4 axb4 27. Nd6 Nc5 28. Nc4 e4 29. Kg1 Ne6 30. Kf2 Nd4 31. Ne3 Re8 32. h4 exd3 33. exd3 Rxe3 34. Kxe3 Nxc2+ 35. Kd2 Nxa1 36. Rxa1 Rd8 37. Bf1 Bf7 38. a5 Rd4 39. Be2 Bxb3 40. Ke3 c5 41. Rc1 Rd5 42. Bf3 Re5+ 43. Kd2 Bd5 44. Be2 Bc6 45. d4 cxd4 46.
a6 Ra5 47. axb7 Bxb7 48. Rc7 Ra2+ 49. Kd1 Ba6 50. Bf3 Ra1+ 51. Kd2 Ra2+ 52. Kd1 Ra1+ 53. Kd2 h5 54. g5 fxg5 55. hxg5 h4 56. Bd5+ Kf8 57. Rf7+ Ke8 58. Rxg7 Rg1 59. g6 h3 60.
Rh7 b3 61. Bxb3 Rg2+ 62. Ke1 h2 63. g7 Rxg7 64. Rxh2 Rg3 65. Bd1 Re3+ 66. Kd2 Rd3+ 67. Kc1 Kd7 68. Rh7+ Kd8 69. Rh8+ Kc7 70. Rh7+ Kb8 71.
Rh6 Rc3+ 72. Kd2 Bb5 73. Rd6 Kc7 74. Rxd4 Rc6 75. Rh4 Rd6+ 76. Kc1 Rc6+ 77. Kb2 Rb6 78. Kc3 Rc6+ 79. Kd2 Rd6+ 80. Ke1 Re6+ 81. Kf2 Rf6+ 82. Kg3 Rd6 83. Bf3 Bc6 84. Bg4 Rd3+ 85. Kf2 Rd4 86. Rh7+ Kb6 87. Be2 Rd6 88. Rh4 Rf6+ 89. Ke1 Re6 90.
Rb4+ Kc5 91. Rc4+ Kd5 92. Rc2 Ba4 93. Rd2+ Kc5 94. Kf2 Rf6+ 95. Ke3 Re6+ 96. Kf4 Re7 97. Bh5 Kb4 98. Rd4+ Ka3 99. Rd8 Ra7 100. Bg6 Bb3 101. Be4 Ra4 102. Ke3 Ra7 103. Rb8 Rc7 104. Kd4 Rc4+ 105. Kd3 Rc7 106. Kd2 Rc5 107. Bd3 Rc7 108. Ra8+ Kb2 109. Rb8 Rd7 110. Ke3 Ka3 111. Bf5 Rc7 112. Kd4 Rc4+ 113.
Ke5 Rc7 114. Kf6 Rc1 115. Ra8+ Kb2 116. Rb8 Rc3 117. Kg5 Ka3 118. Ra8+ Kb2 119. Rh8 Ka3 120. Rh2 Rc7 121. Rh4 Rc5 122. Kf4 Rc4+ 123. Kg5 Rxh4 124. Kxh4 1/2-1/2

[Event "*** Titled Tuesday Blitz"]
[Site "Chess.com"]
[Date "2020.04.21"]
[Round "4"]
[White "MartinCerveny"]
[Black "ferch1ni"]
[Result "1-0"]
[WhiteElo "2610"]
[BlackElo "2321"]
[TimeControl "180+1"]
[EndTime "10:34:42 PDT"]
[Termination "MartinCerveny won by resignation"]

1. d4 Nf6 2. c4 g6 3. Nc3 d5 4.
cxd5 Nxd5 5. e4 Nxc3 6. bxc3 Bg7 7.
Nf3 c5 8. Rb1 O-O 9. Be2 Nc6 10.
d5 Bxc3+ 11. Bd2 Bxd2+ 12. Qxd2 Nb8 13. h4 h5 14. Qh6 Bg4 15. Ng5 Qa5+ 16. Kf1 Bxe2+ 17.
Kg1 1-0

[Event "*** Titled Tuesday Blitz"]
[Site "Chess.com"]
[Date "2020.04.21"]
[Round "4"]
[White "mc4chess"]
[Black "Gentlejimmy7"]
[Result "0-1"]
[WhiteElo "2382"]
[BlackElo "2618"]
[TimeControl "180+1"]
[EndTime "10:34:44 PDT"]
[Termination "Gentlejimmy7 won by resignation"]

1. e4 c5 2. Nf3 Nc6 3. Bb5 g6 4. O-O Bg7 5. Re1 Nf6 6. e5 Nd5 7. Nc3 Nc7 8. Bxc6 dxc6 9. d3 O-O 10. Ne4 b6 11. a4 Bg4 12. h3 Bxf3 13. Qxf3 Ne6 14.
Bh6 0-1

[Event "*** Titled Tuesday Blitz"]
[Site "Chess.com"]
[Date "2020.04.21"]
[Round "4"]
[White "Pultis"]
[Black "DoHoChess"]
[Result "0-1"]
[WhiteElo "2727"]
[BlackElo "2543"]
[TimeControl "180+1"]
[EndTime "10:35:15 PDT"]
[Termination "DoHoChess won by resignation"]

1. d4 d5 2. c4 e6 3. Nf3 Nf6 4. Nc3 c5 5. cxd5 exd5 6. g3 Nc6 7.
Bg2 cxd4 8. Nxd4 Bc5 9. Nb3 Bb6 10. O-O d4 11. Na4 O-O 12. Bg5 Re8 13. Rc1 h6 14. Bxf6 Qxf6 15. Nbc5 Bg4 16. Re1 Ba5 17. Nxb7 Bxe1 18.
Rxc6 Qxf2+ 19. Kh1 Rxe2 0-1

[Event "*** Titled Tuesday Blitz"]
[Site "Chess.com"]
[Date "2020.04.21"]
[Round "4"]
[White "DACF2905"]
[Black "kuba2006"]
[Result "0-1"]
[WhiteElo "2152"]
[BlackElo "2436"]
[TimeControl "180+1"]
[EndTime "10:35:19 PDT"]
[Termination "kuba2006 won by checkmate"]

1. e4 e5 2. Nf3 Nc6 3. Bb5 a6 4.
Ba4 Nge7 5. O-O g6 6. d4 exd4 7. Nxd4 Bg7 8. Nxc6 Nxc6 9. c3 O-O 10. Re1 b5 11.
Bb3 d6 12. Bd5 Bb7 13. Be3 Na5 14. Bxb7 Nxb7 15. a4 Re8 16. axb5 axb5 17. Rxa8 Qxa8 18. Bd4 Bxd4 19. Qxd4 Nc5 20. f3 Qa2 21. Qb4 Nd3 22. Qxb5 Nxe1 23. Qxe8+ Kg7 24. Nd2 Qxb2 25. Nf1 Qxg2# 0-1

[Event "*** Titled Tuesday Blitz"]
[Site "Chess.com"]
[Date "2020.04.21"]
[Round "4"]
[White "BabyBoss31"]
[Black "hedgehog280"]
[Result "0-1"]
[WhiteElo "2361"]
[BlackElo "2651"]
[TimeControl "180+1"]
[EndTime "10:35:21 PDT"]
[Termination "hedgehog280 won by resignation"]

1. d4 a5 2. e4 e6 3. Nc3 Nf6 4. e5 Nd5 5. Nxd5 exd5 6. g3 c5 7. c3 Nc6 8. Bg2 cxd4 9. cxd4 d6 10. Bxd5 dxe5 11. Bxc6+ bxc6 12. dxe5 Bb4+ 13. Bd2 Qd5 14.
f3 Ba6 15. Bxb4 Qxe5+ 16. Ne2 axb4 17. Qd2 Rd8 18. Qc2 O-O 19. Kf2 Rfe8 20. Rhe1 Qe3+ 21.
Kg2 0-1

[Event "*** Titled Tuesday Blitz"]
[Site "Chess.com"]
[Date "2020.04.21"]
[Round "4"]
[White "Sychev_Klementy"]
[Black "Disturbed01"]
[Result "1-0"]
[WhiteElo "2861"]
[BlackElo "2657"]
[TimeControl "180+1"]
[EndTime "10:35:26 PDT"]
[Termination "Sychev_Klementy won by resignation"]

1. e4 c5 2. Nf3 Nc6 3. d4 cxd4 4. Nxd4 g6 5. Nc3 Bg7 6. Be3 Nf6 7. Nxc6 bxc6 8. e5 Ng8 9. Bd4 Qa5 10. Bc4 Nh6 11. e6 f6 12. exd7+ Bxd7 13. O-O e5 14. Be3 Nf5 15. Ne4 Qb4 16. b3 Rd8 17. Bc5 Qb8 18. g4 Bc8 19. gxf5 Rxd1 20. Raxd1 Bxf5 21. Nd6+ 1-0

[Event "*** Titled Tuesday Blitz"]
[Site "Chess.com"]
[Date "2020.04.21"]
[Round "4"]
[White "Nikolakis2014"]
[Black "Ranindu2003"]
[Result "1-0"]
[WhiteElo "2689"]
[BlackElo "2504"]
[TimeControl "180+1"]
[EndTime "10:35:34 PDT"]
[Termination "Nikolakis2014 won by resignation"]

1. Nf3 Nf6 2. c4 e6 3. g3 d5 4. d4 Be7 5. Bg2 O-O 6. O-O dxc4 7. Qc2 a6 8. a4 Bd7 9. Rd1 Bc6 10. Nc3 b5 11. axb5 axb5 12. Rxa8 Bxa8 13. Nxb5 Qd5 14. Nxc7 Qc6 15. Nxa8 Qxa8 16. Qxc4 Nbd7 17. Ne5 Qa5 18.
Nc6 1-0

[Event "*** Titled Tuesday Blitz"]
[Site "Chess.com"]
[Date "2020.04.21"]
[Round "4"]
[White "LucaBrasi1968"]
[Black "silverback96"]
[Result "1-0"]
[WhiteElo "2499"]
[BlackElo "2186"]
[TimeControl "180+1"]
[EndTime "10:35:35 PDT"]
[Termination "LucaBrasi1968 won by resignation"]

1. e4 c5 2. c3 Nf6 3. e5 Nd5 4. d4 cxd4 5. Qxd4 e6 6. Nf3 Nc6 7. Qe4 f5 8. Qe2 g6 9. g3 Bg7 10. Bg2 Qc7 11. O-O Nxe5 12. Nxe5 Qxe5 13. Qxe5 Bxe5 14.
Bxd5 exd5 15. Re1 d6 16. f4 Kd7 17. fxe5 Re8 18. Bf4 b6 19. Nd2 Bb7 20. exd6 a5 21.
Kf2 g5 22. Bxg5 Kxd6 23. Rxe8 Rxe8 24. Re1 Rg8 25. Bf4+ Kc6 26. Nf3 a4 27. Nd4+ Kc5 28. Re7 1-0

[Event "*** Titled Tuesday Blitz"]
[Site "Chess.com"]
[Date "2020.04.21"]
[Round "4"]
[White "joksijoksi"]
[Black "ChessMavenYeti"]
[Result "1-0"]
[WhiteElo "2371"]
[BlackElo "2118"]
[TimeControl "180+1"]
[EndTime "10:35:38 PDT"]
[Termination "joksijoksi won by resignation"]

1. e4 e6 2. d4 d5 3. Nd2 c5 4. exd5 Qxd5 5. Ngf3 cxd4 6. Bc4 Qd8 7. O-O Nc6 8. Nb3 a6 9. a4 Bd6 10. Qe2 Nge7 11.
Rd1 e5 12. Ng5 O-O 13. Qh5 Bf5 14. Nxf7 Qd7 15. Nxe5+ 1-0

[Event "*** Titled Tuesday Blitz"]
[Site "Chess.com"]
[Date "2020.04.21"]
[Round "4"]
[White "DrBergerBerger"]
[Black "crossingthestreet"]
[Result "1-0"]
[WhiteElo "2452"]
[BlackElo "2260"]
[TimeControl "180+1"]
[EndTime "10:35:46 PDT"]
[Termination "DrBergerBerger won by resignation"]

1. e4 e6 2. d4 d5 3. exd5 exd5 4. Nf3 Nf6 5. h3 Be7 6. c4 O-O 7.
Nc3 Nc6 8. cxd5 Nxd5 9. Bd3 Re8 10. O-O Bf6 1-0

[Event "*** Titled Tuesday Blitz"]
[Site "Chess.com"]
[Date "2020.04.21"]
[Round "4"]
[White "ReyesBraulio"]
[Black "WinningButNotReally"]
[Result "0-1"]
[WhiteElo "2137"]
[BlackElo "2411"]
[TimeControl "180+1"]
[EndTime "10:35:46 PDT"]
[Termination "WinningButNotReally won by resignation"]

1. d4 Nf6 2. f4 c5 3. Nf3 d5 4. e3 Nc6 5. c3 g6 6. Bd3 Bg7 7.
Nbd2 O-O 8. O-O Bf5 9. Bxf5 gxf5 10. Ne5 e6 11. Rf3 Ng4 12. Rh3 Ncxe5 13. dxe5 d4 14.
cxd4 cxd4 15. e4 d3 16. Nb3 Qb6+ 0-1

[Event "*** Titled Tuesday Blitz"]
[Site "Chess.com"]
[Date "2020.04.21"]
[Round "4"]
[White "renehp"]
[Black "Kaua18"]
[Result "1-0"]
[WhiteElo "2440"]
[BlackElo "2213"]
[TimeControl "180+1"]
[EndTime "10:35:49 PDT"]
[Termination "renehp won by checkmate"]

1. e4 c5 2. Nf3 Nc6 3. d4 cxd4 4. Nxd4 Nf6 5. Nc3 e5 6. Ndb5 d6 7. Bg5 a6 8. Na3 b5 9. Bxf6 gxf6 10. Nd5 Bg7 11. Bd3 Ne7 12. Nxe7 Qxe7 13. O-O O-O 14. c4 f5 15. Qh5 bxc4 16. Nxc4 d5 17. exd5 e4 18. Be2 a5 19. Rad1 Ba6 20. d6 Qe6 21. b3 Rfd8 22. Rfe1 a4 23. Ne3 Bc3 24. Nxf5 Bxe1 25. Qg5+ Kf8 26. Qg7+ Ke8 27. d7+ Rxd7 28. Qg8# 1-0

[Event "*** Titled Tuesday Blitz"]
[Site "Chess.com"]
[Date "2020.04.21"]
[Round "4"]
[White "TastyFrenchFries"]
[Black "Gloomy_Wanderer"]
[Result "1-0"]
[WhiteElo "2388"]
[BlackElo "2759"]
[TimeControl "180+1"]
[EndTime "10:36:02 PDT"]
[Termination "TastyFrenchFries won by resignation"]

1. e4 c5 2. Nf3 a6 3. c3 d5 4. exd5 Qxd5 5. Qb3 Qxb3 6. axb3 Nc6 7. Be2 Bf5 8. O-O O-O-O 9. Na3 e5 10. Nc4 f6 11. Ne3 Bd3 12. Bxd3 Rxd3 13. Ne1 Rd7 14.
f4 exf4 15. Rxf4 Bd6 16. Rf1 Nge7 17. Nc4 Bc7 18. d3 Ng6 19. Be3 Rd5 20. Rd1 Re8 21.
Nc2 b5 22. N4a3 1-0

[Event "*** Titled Tuesday Blitz"]
[Site "Chess.com"]
[Date "2020.04.21"]
[Round "4"]
[White "bakki78"]
[Black "EfM13"]
[Result "1-0"]
[WhiteElo "2766"]
[BlackElo "2365"]
[TimeControl "180+1"]
[EndTime "10:36:05 PDT"]
[Termination "bakki78 won by resignation"]

1. e4 g6 2. d4 Bg7 3. Nc3 d6 4.
f4 Nc6 5. Be3 e5 6. dxe5 dxe5 7.
Qxd8+ Nxd8 8. Nd5 Ne6 9. f5 gxf5 10. exf5 c6 11. fxe6 cxd5 12. exf7+ Kxf7 13. Nf3 h6 14. Be2 Bf5 15. O-O Ke6 16. Nh4 Ne7 17. Nxf5 Nxf5 18. Bg4 Rhf8 19. Bc5 Rf6 20. Rxf5 Rxf5 21. Rf1 1-0

[Event "*** Titled Tuesday Blitz"]
[Site "Chess.com"]
[Date "2020.04.21"]
[Round "4"]
[White "RATNAKARAN"]
[Black "NDePinEsPeRG"]
[Result "1-0"]
[WhiteElo "2583"]
[BlackElo "2838"]
[TimeControl "180+1"]
[EndTime "10:36:06 PDT"]
[Termination "RATNAKARAN won by resignation"]

1. e4 e6 2. d3 d5 3. Nd2 Nc6 4. Ngf3 Nf6 5. c3 b6 6. Be2 Be7 7. O-O O-O 8. Re1 a5 9. Qc2 Ba6 10. e5 Nd7 11. d4 Bxe2 12. Rxe2 a4 13. Nf1 b5 14. Ng3 Na5 15. Bf4 c5 16. Rae1 Nc6 17.
Qd3 Qb6 18. Qe3 b4 19. Bg5 Bxg5 20. Qxg5 cxd4 21. Nh5 g6 22. Qh6 gxh5 23. Ng5 1-0

[Event "*** Titled Tuesday Blitz"]
[Site "Chess.com"]
[Date "2020.04.21"]
[Round "4"]
[White "Orest_Vovk"]
[Black "Karina_Ivanova"]
[Result "1-0"]
[WhiteElo "2440"]
[BlackElo "2222"]
[TimeControl "180+1"]
[EndTime "10:36:11 PDT"]
[Termination "Orest_Vovk won by resignation"]

1. h4 Nf6 2. h5 h6 3. Nc3 e5 4. d4 exd4 5. Qxd4 Nc6 6. Qa4 Be7 7. g4 d5 8. g5 hxg5 9. Bxg5 Be6 10. O-O-O Qd7 11. Bg2 O-O-O 12. Bxf6 Bxf6 13. Nxd5 Bxd5 14. Bh3 Bxh1 15. Rxd7 Rxd7 16. Bxd7+ Kxd7 17. f3 Rxh5 18. Qg4+ 1-0

[Event "*** Titled Tuesday Blitz"]
[Site "Chess.com"]
[Date "2020.04.21"]
[Round "4"]
[White "Beca95"]
[Black "bascheyaro"]
[Result "1-0"]
[WhiteElo "2866"]
[BlackElo "2708"]
[TimeControl "180+1"]
[EndTime "10:36:20 PDT"]
[Termination "Beca95 won by resignation"]

1. d4 d5 2. Nf3 Nf6 3. Bf4 Bf5 4. e3 e6 5. c4 Bxb1 6. Qxb1 Bb4+ 7. Kd1 Bd6 8. Bg3 O-O 9. cxd5 exd5 10. Bd3 c5 11. dxc5 Bxc5 12. Ke2 d4 13. Rd1 Kh8 14.
e4 Nc6 15. Kf1 Qe7 16. e5 Ng4 17. Re1 h5 18. a3 a5 19. Qc1 Bb6 20. h3 Nh6 21. Qf4 Rae8 22. Bh4 Qe6 23. Bf6 Kg8 24. Qg5 1-0

[Event "*** Titled Tuesday Blitz"]
[Site "Chess.com"]
[Date "2020.04.21"]
[Round "4"]
[White "lucasran"]
[Black "grunbergmihai"]
[Result "1-0"]
[WhiteElo "2615"]
[BlackElo "2368"]
[TimeControl "180+1"]
[EndTime "10:36:26 PDT"]
[Termination "lucasran won by resignation"]

1. Nf3 Nf6 2. c4 g6 3. Nc3 d5 4. d4 Bg7 5. Bg5 Ne4 6. Bh4 c6 7. e3 Nxc3 8. bxc3 O-O 9. Be2 Nd7 10. cxd5 cxd5 11. O-O Nf6 12. Qb3 b6 13. c4 dxc4 14.
Bxc4 Bb7 15. Ne5 Bd5 16. Bxd5 Nxd5 17. Nc6 1-0

[Event "*** Titled Tuesday Blitz"]
[Site "Chess.com"]
[Date "2020.04.21"]
[Round "4"]
[White "lestri"]
[Black "RaunakSadhwani2005"]
[Result "0-1"]
[WhiteElo "2532"]
[BlackElo "2776"]
[TimeControl "180+1"]
[EndTime "10:36:29 PDT"]
[Termination "RaunakSadhwani2005 won by resignation"]

1. c4 f5 2. Nf3 Nf6 3. g3 g6 4.
Bg2 Bg7 5. O-O O-O 6. d4 d6 7. Nc3 c6 8. Qb3 Qb6 9. Qa3 Na6 10. Rd1 Qb4 11. Qxb4 Nxb4 12. a3 Na6 13. b4 e5 14.
dxe5 dxe5 15. e4 f4 16. Bb2 Bg4 17. h3 Bxf3 18. Bxf3 Nc7 19. Rd6 Nfe8 20. Rd3 fxg3 21.
fxg3 Ne6 22. Ne2 a5 23. h4 c5 24. Bg4 N8c7 25. bxc5 Nxc5 26. Nc3 Nxd3 0-1